 Dungeon Crawl Stone Soup version 0.22-a0-284-g99d1f74 (webtiles) character file.

4 Amnesiac the Ducker (level 1, -2/11 HPs)
             Began as a Spriggan Fighter on Mar 21, 2018.
             Slain by a hound (3 damage)
             ... on level 4 of the Dungeon.
             The game lasted 00:01:30 (389 turns).

Amnesiac the Ducker (Spriggan Fighter)               Turns: 389, Time: 00:01:30

Health: -2/11      AC:  2    Str: 12    XL:     1   Next: 50%
Magic:  2/2        EV: 19    Int:  9    God:
Gold:   20         SH:  6    Dex: 15    Spells: 0/0 levels left

rFire    . . .     SeeInvis +   a - +0 long sword
rCold    . . .     Gourm    .   c - +0 buckler
rNeg     . . .     Faith    .   b - +0 robe
rPois    .         Spirit   .   (helmet restricted)
rElec    .         Reflect  .   (no cloak)
rCorr    .         Harm     .   (gloves unavailable)
MR       .....                  (boots unavailable)
Stlth    +.........             (no amulet)
HPRegen  0.03/turn              (no ring)
MPRegen  0.08/turn              (no ring)

@: very quick
A: very small, unfitting armour, see invisible, herbivore, speed 3, slow
metabolism 2
a: no special abilities


You were on level 4 of the Dungeon.
You were not hungry.

You visited 1 branch of the dungeon, and saw 5 of its levels.

You collected 20 gold pieces.

Inventory:

Hand Weapons
 a - a +0 long sword (weapon)
Armour
 b - a +0 robe (worn)
 c - a +0 buckler (worn)
 g - a +1 hat
Scrolls
 e - 2 scrolls of teleportation {!r, unknown}
 j - a scroll of immolation {!r, unknown}
 l - a scroll of remove curse {!r, unknown}
Potions
 d - a potion of might {!q}
 h - a potion of heal wounds {!q, unknown}
 i - a potion of resistance {!q, unknown}
 k - 2 potions of curing {!q, unknown}
Comestibles
 f - 3 rations


   Skills:
 + Level 2.4 Fighting
 * Level 1.7 Long Blades
 + Level 4.5 Dodging
 + Level 2.2 Shields


You couldn't memorise any spells.
You didn't know any spells.

Dungeon Overview and Level Annotations

Branches:
Dungeon (5/15)
 Temple: D:4-7

Altars:
Hepliaklqana
Okawaru


Innate Abilities, Weirdness & Mutations

You are very small and have problems with some larger weapons.
You are too small for most types of armour.
You have supernaturally acute eyesight. (SInv)
You are a herbivore.
You cover ground extremely quickly.
You need to consume almost no food.


Message History

There is a stone staircase leading up here.
Found a stone staircase leading down.
There is a stone staircase leading down here.
Found 14 stones.
You see here 14 stones. 2 orcs come into view.
Found 18 stones.
There are monsters nearby!
An orc priest comes into view.
The orc shouts! x2; You hear a shout! x2
An orc wizard comes into view. It is wielding a dagger.
The orc wizard shouts!
A gnoll comes into view. It is wielding a whip.
The gnoll shouts!
A gnoll comes into view. It is wielding a spear.
You see here 5 gold pieces.
You now have 20 gold pieces (gained 5).
The gnoll shouts!
Found 4 gold pieces.
Found 7 stones.
An orc wizard comes into view. It is wielding a dagger.
Found a leather armour.
An orc comes into view. It is wielding a short sword.
Found a scroll labeled SUWEHIDEPP.
The orc shouts!
Found a ration.
The orc barely misses you.
The orc wizard gestures wildly while chanting.
The orc wizard flickers and vanishes for a moment.
The orc wizard gestures at you while chanting.
The orc wizard appears confused.
You see here 14 stones.
There is a stone staircase leading down here.
There is a stone staircase leading up here.
You can't go down here!
You climb upwards.
There is a stone staircase leading down here.
Found an iron altar of Okawaru.
A worker ant comes into view.
The hound barks!
There are no items here.
You see here a ration.
f - 3 rations (gained 1)
You closely miss the hound. The hound barely misses you.
You block the hound's attack.
You barely miss the hound. The hound bites you but does no damage.
The hound barely misses you. The hound misses you.
You block the worker ant's attack. The hound bites you.
Found a potion of might.
Found a viscous white potion.
The hound bites you.
* * * LOW HITPOINT WARNING * * *
The worker ant waves its antennae.
The hound bites you.
* * * LOW HITPOINT WARNING * * *
Found a scroll labeled ACUOZI ZENUDATI.
The hound pauses to sniff the ground.
You open the door.
Found a hazy altar of Hepliaklqana.
There is an open door here.
There is a hazy altar of Hepliaklqana here.
You open the door. The hound bites you.
You die...

#.....a.. #..######
#####.....#!. ###
#.........#.. ...
###......######
###.##..ah........ #
.
#≈≈.≈≈.######.....^#
....#≈#+#≈.#
....####
......'@h..# ##....
.##..§#+#§## .....
#.. §§# ##.?# #?
..## .. ... ## ....
#####


You could see a hound and a worker ant.

Vanquished Creatures
  A dart slug (D:2)
  A giant cockroach (D:2)
2 creatures vanquished.

Notes
Turn   | Place    | Note
-------+----------+-------------------------------------------
     0 | D:1      | Amnesiac the Spriggan Fighter began the quest for the Orb.
     0 | D:1      | Reached XP level 1. HP: 11/11 MP: 2/2
   202 | D:4      | Noticed a hound
   214 | D:5      | Entered Level 5 of the Dungeon
   249 | D:5      | Noticed an orc priest
   250 | D:5      | Noticed an orc wizard
   264 | D:5      | Noticed an orc wizard
   328 | D:4      | Found an iron altar of Okawaru.
   329 | D:4      | Noticed a worker ant
   386 | D:4      | Found a hazy altar of Hepliaklqana.
   389 | D:4      | Slain by a hound

Vault maps used:
D:1:      dpeg_arrival_three_same_balls, lemuel_flame_loot_1
D:2:      first_ration
D:4:      lemuel_round_altar, kennysheep_mini_moat, hex_intersection,
          hangedman_abyss_or_decor_stagger, uniq_sigmund
D:5:      hangedman_decor_clover_reticule, nicolae_ru_awakened_eye

Action                   || total
-------------------------++-------
Melee: Long sword        ||     6
Armor: Robe              ||     2
Dodge: Dodged            ||     9
Block: Buckler           ||     6

Table legend:
 A = Spawn XP
 B = Non-spawn XP
 C = Spawn XP percentage of total XP
 D = Spawn monster count
 E = Non-spawn monster count
 F = Spawn count percentage of total count
 G = Total turns spent on level
                    A         B        C        D         E        F      G
               +---------+---------+-------+---------+---------+-------+---------
         Total |       0 |       6 |   0.0 |       0 |       2 |   0.0 |   389
               +---------+---------+-------+---------+---------+-------+---------
           D:2 |       0 |       6 |   0.0 |       0 |       2 |   0.0 |   107
               +---------+---------+-------+---------+---------+-------+---------
